 Dungeon Crawl Stone Soup version 0.24.0-125-gc4c63601f3 (webtiles) character file.

Game seed: 18392857778886242076, levelgen mode: deterministic

90 Bodigarde the Sneak (level 4, -1/23 HPs)
             Began as a Vine Stalker Assassin on Mar 13, 2020.
             Slain by Crazy Yiuf
             ... wielding a +2 quarterstaff of chaos
              (5 damage)
             ... on level 2 of the Dungeon.
             The game lasted 00:07:11 (1799 turns).

Bodigarde the Sneak (Vine Stalker Assassin)         Turns: 1799, Time: 00:07:14

Health: -1/23      AC:  2    Str: 14    XL:     4   Next: 56%
Magic:  0/5        EV: 12    Int: 11    God:
Gold:   77         SH:  0    Dex: 16    Spells: 3/3 levels left

rFire    . . .     SeeInvis .   a - +2 dagger (drain)
rCold    . . .     Gourm    .   (no shield)
rNeg     . . .     Faith    .   b - +0 robe
rPois    .         Spirit   +   (no helmet)
rElec    .         Reflect  .   (no cloak)
rCorr    .         Harm     .   (no gloves)
MR       .....                  (no boots)
Stlth    +++.......             (no amulet)
HPRegen  0.47/turn              (no ring)
MPRegen  0.09/turn              (no ring)

@: no status effects
A: fangs 2, regeneration 1, magic shield, antimagic bite, no potion heal 3, rot
immunity
a: no special abilities


You were on level 2 of the Dungeon.
You were not hungry.

You visited 1 branch of the dungeon, and saw 2 of its levels.

You collected 77 gold pieces.

Inventory:

Hand Weapons
 a - a +2 dagger of draining (weapon)
Missiles
 d - 14 poisoned darts
 e - a curare-tipped dart (quivered)
 j - 108 stones
Armour
 b - a +0 robe (worn)
 c - a +0 cloak
Scrolls
 i - a scroll of amnesia
 k - a scroll of immolation {unknown}
 m - 4 scrolls of teleportation
 q - a scroll of enchant armour {unknown}
Potions
 g - a potion of flight
 h - a potion of haste {unknown}
 l - a potion of ambrosia
 n - a potion of agility
 p - a potion of lignification {unknown}
Comestibles
 f - 3 rations
 o - 5 chunks of flesh


   Skills:
 + Level 2.2 Fighting
 * Level 2.8 Short Blades
 + Level 2.3 Throwing
 + Level 1.4 Dodging
 + Level 5.2 Stealth


You had 3 spell levels left.
You didn't know any spells.
Your spell library was empty.

Dungeon Overview and Level Annotations

Branches:
Dungeon (2/15)

Altars:
Cheibriados
Kikubaaqudgha
Trog
Uskayaw

Annotations:
D:2 Crazy Yiuf


Innate Abilities, Weirdness & Mutations

You have extremely sharp teeth.
Your natural rate of healing is unusually fast.
When hurt, damage is shared between your health and your magic reserves.
Your bite disrupts and absorbs the magic of your enemies.
Potions cannot restore your health.
You are immune to rotting.


Message History

Quiver which item? (- for none, * to show all) (? for menu, Esc to quit)
Quivering
e - 2 curare-tipped darts for throwing.
You open the door.
Throwing (i - inventory. (/) - cycle)
e - 2 curare-tipped darts (quivered)
Press: ? - help, Shift-Dir - straight line, f - Crazy Yiuf
Aim: Crazy Yiuf, wielding a +2 quarterstaff of chaos and wearing a +0 cloak You throw a curare-tipped dart.
The curare-tipped dart hits Crazy Yiuf.
Crazy Yiuf is poisoned.
Crazy Yiuf convulses.
Crazy Yiuf seems to slow down.
Crazy Yiuf is heavily wounded.
Crazy Yiuf hits you with a +2 quarterstaff of chaos!
You barely miss Crazy Yiuf. You bite Crazy Yiuf. You drain his power.
You feel invigorated.
Crazy Yiuf is severely wounded.
You hit Crazy Yiuf but do no damage. You bite Crazy Yiuf. You drain his power.
Crazy Yiuf is severely wounded.
Crazy Yiuf hits you with a +2 quarterstaff of chaos!
Ouch! That really hurt!
* * * LOW HITPOINT WARNING * * *
Crazy Yiuf freezes you!
You die...

........#
#.......#####........
###.....# #########
#........ #.....#
#........ #.....#
##### ####<.......
####### #)..#
#.....>....) #...#
#.########## ... #.#
#g# #.# #@## #.# ##.#
#.# #.## #.# ##.# #.#
##.## #.# ##PP.# #.#
#PP.P# #.# #....# #.#
##..####.#


You could see Crazy Yiuf.

Vanquished Creatures
  Terence (D:2)
  A gnoll (D:1)
  2 adders (D:2)
  A worm (D:2)
  5 leopard geckos
  A bat (D:2)
  3 giant cockroaches
  4 goblins
  6 hobgoblins
  5 kobolds
  A frilled lizard (D:2)
30 creatures vanquished.

Notes
Turn   | Place    | Note
-------+----------+-------------------------------------------
     0 | D:1      | Bodigarde the Vine Stalker Assassin began the quest for the
                  | Orb.
     0 | D:1      | Reached XP level 1. HP: 11/11 MP: 2/2
   314 | D:1      | Reached skill level 1 in Dodging
   314 | D:1      | Reached skill level 5 in Stealth
   314 | D:1      | Reached XP level 2. HP: 15/15 MP: 3/3
   408 | D:1      | Reached XP level 3. HP: 18/18 MP: 4/4
  1165 | D:2      | Noticed Terence
  1172 | D:2      | Killed Terence
  1210 | D:2      | Found a runed translucent door.
  1211 | D:2      | Noticed Crazy Yiuf
  1374 | D:2      | Gained mutation: Your natural rate of healing is unusually
                  | fast. [Vine Stalker growth]
  1374 | D:2      | Reached XP level 4. HP: 22/23 MP: 5/5
  1600 | D:2      | Found a bloodstained altar of Trog.
  1601 | D:2      | Found a snail-covered altar of Cheibriados.
  1601 | D:2      | Found a hide-covered altar of Uskayaw.
  1601 | D:2      | Found an ancient bone altar of Kikubaaqudgha.
  1799 | D:2      | Slain by Crazy Yiuf

Levels and vault maps discovered:
D:1:      sevenhm_arrival_forest_fort_small_4, layout_basic, minmay_liquid_box,
          minmay_split_cup_small
D:2:      layout_rooms, chequers_temple_overflow_statue_of_worship,
          minivault_11, uniq_terence, uniq_crazy_yiuf_cottage

Skill      XL: |  1 |
---------------+----+-----
Short Blades   | 2 |  2.8
Fighting       | 2 |  2.2
Throwing       | 2 |  2.3
Dodging        | 1 |  1.4
Stealth        | 5 |  5.2

Action                   |  1- 3 |  4- 6 || total
-------------------------+-------+-------++-------
Melee: Dagger            |    29 |    29 ||    58
       Bite              |     4 |     5 ||     9
Throw: Dart              |    15 |     2 ||    17
       Stone             |    21 |     4 ||    25
  Use: Scroll            |     5 |       ||     5
 Stab: Sleeping          |     6 |     5 ||    11
  Eat: Chunk             |     1 |     2 ||     3
Armor: Robe              |     1 |     5 ||     6
Dodge: Dodged            |    13 |    11 ||    24
